 Dungeon Crawl Stone Soup version 0.17.1-2-g5865329 (webtiles) character file.

67 seren the Digger (level 4, -1/24 HPs)
             Began as a Gargoyle Earth Elementalist on Jan 24, 2016.
             Slain by Natasha (7 damage)
             ... on level 2 of the Dungeon on Jan 28, 2016.
             The game lasted 00:18:45 (3224 turns).

seren the Digger (Gargoyle Earth Elementalist)      Turns: 3224, Time: 00:18:47

Health: -1/24      AC:  6    Str: 11    XL:     4   Next: 16%
Magic:  1/8        EV: 12    Int: 17    God:
Gold:   123        SH:  0    Dex: 10    Spells: 2 memorised, 5 levels left

rFire  . . .     SeeInvis .     l - +0 club (curse)
rCold  . . .     Clarity  .     a - +0 robe
rNeg   + . .     SustAt   .     (no shield)
rPois  ∞         Gourm    .     (no helmet)
rElec  +         Spirit   .     (no cloak)
rCorr  .         Warding  .     q - +0 pair of gloves
rMut   .         Stasis   .     (no boots)
MR     .....                    (no amulet)
Stlth  ++........               (no ring)
                                (no ring)

@: not resistant to hostile enchantments, unstealthy
A: negative energy resistance 1, electricity resistance, unbreathing,
petrification resistance, rot immunity, AC +3
a: no special abilities


You were on level 2 of the Dungeon.
You were not hungry.

You visited 1 branch of the dungeon, and saw 3 of its levels.

You collected 123 gold pieces.

Inventory:

Hand Weapons
 l - a cursed +0 club (weapon)
 t - a +0 whip
Missiles
 b - 33 stones (quivered)
Armour
 a - a +0 robe (worn)
 q - a +0 pair of gloves (worn)
Jewellery
 f - an uncursed ring of invisibility
Wands
 u - a wand of paralysis (12)
Scrolls
 e - a scroll of fog {unknown}
 g - 2 scrolls of blinking {unknown}
 i - a scroll of magic mapping {unknown}
 j - a scroll of remove curse {unknown}
 k - a scroll of amnesia {unknown}
 n - 2 scrolls of identify {unknown}
Potions
 h - a potion of haste {unknown}
 o - 2 potions of heal wounds {unknown}
 s - a potion of curing {unknown}
 v - a potion of magic {unknown}
Books
 c - a book of Geomancy

   Spells                             Type                      Level
   a - Sandblast                      Earth                        1
   b - Stoneskin                      Transmutation/Earth          2
   c - Passwall                       Transmutation/Earth          3
   d - Stone Arrow                    Conjuration/Earth            3
   e - Petrify                        Transmutation/Earth          4
   f - Lee's Rapid Deconstruction     Earth                        5
Comestibles
 d - 2 bread rations
 m - a slice of pizza
 r - 3 fruits


   Skills:
 - Level 1.5 Dodging
 - Level 2.1 Stealth
 * Level 3.3 Spellcasting
 + Level 0.9 Conjurations
   Level 0.7 Transmutations
 + Level 4.4 Earth Magic


You had 5 spell levels left.
You knew the following spells:

 Your Spells              Type           Power        Failure   Level  Hunger
a - Sandblast             Erth           ###...       2%          1    None
b - Stone Arrow           Conj/Erth      ##....       17%         3    ###....


Dungeon Overview and Level Annotations

Branches:
Dungeon (3/15)

Altars:

Annotations:
D:2 Natasha


Innate Abilities, Weirdness & Mutations

You are resistant to torment.
Your stone body is resilient (AC +3).
You are immune to poison.
You resist negative energy.
You are resistant to electric shocks.
You can survive without breathing.
You are immune to petrification.
You are immune to rotting.


Message History

Throwing (i - inventory):
b - 34 stones (quivered)
Press: ? - help, Shift-Dir - straight line, f/p - Natasha
Aim: Natasha (almost dead)
You throw a stone.
The stone hits Natasha but does no damage.
Natasha is almost dead.
Natasha closely misses you.
Casting: Sandblast
Confirm with . or Enter, or press ? or * to list all spells.
You don't have enough magic to cast that spell.
Throwing (i - inventory):
b - 33 stones (quivered)
Press: ? - help, Shift-Dir - straight line, p - Natasha
Okay, then.
You hit Natasha but do no damage.
Natasha is almost dead.
Natasha casts a spell at you. The magic dart hits you!
* * * LOW HITPOINT WARNING * * *
Natasha claws you!
You die...

######........#### ##.#
####.........#...#########...
#....####............#.....#.
#..### #...........#...#####.
##..# #..............######.
##.## #...........##........
#..# ##...........#........
##.#####..h#........####...
#.....#..@........).......
#####.....###..#....).....
#....#.###....##.#.#...
##.####.##....#.........
#..####.##....#.#.......
##.##..............#.....
####......#.......#.#.....#.
#.....########......###.#...
##......#### #.....####.#..#


You could see Natasha.

Vanquished Creatures
  3 worms
  3 giant geckos
  An orc (D:3)
  10 bats
  4 hobgoblins
  4 jackals
  5 kobolds
  5 giant cockroaches
  5 giant newts
  7 goblins
  4 rats (D:1)
51 creatures vanquished.

Notes
Turn   | Place    | Note
--------------------------------------------------------------
     0 | D:1      | seren the Gargoyle Earth Elementalist began the quest for the Orb.
     0 | D:1      | Reached XP level 1. HP: 10/10 MP: 3/3
   576 | D:1      | Reached XP level 2. HP: 15/15 MP: 3/5
  1216 | D:1      | Reached skill level 4 in Earth Magic
  1431 | D:2      | Reached XP level 3. HP: 19/19 MP: 5/7
  1449 | D:2      | Learned a level 3 spell: Stone Arrow
  2941 | D:3      | Reached XP level 4. HP: 22/24 MP: 0/8
  3104 | D:3      | Noticed Natasha
  3224 | D:2      | Slain by Natasha

Action                   |  1- 3 |  4- 6 || total
-------------------------+-------+-------++-------
Melee: Club              |   134 |    20 ||   154
Throw: Stone             |     6 |     1 ||     7
 Cast: Sandblast         |    50 |    15 ||    65
 Stab: Sleeping          |     1 |       ||     1
  Eat: Chunk             |     6 |     1 ||     7
       Fruit             |     1 |       ||     1
